[Event "Titled Tuesday Blitz May 10 Early 2022"]
[White "Polster, Christian"]
[Black "Piliczewski, Bogusz"]
[WhiteFideId "12965081"]
[BlackFideId "1104144"]
[WhiteElo "2278"]
[BlackElo "1896"]
[Result "1-0"]
[Round "08"]
[TimeControl "180+1"]
[Date "2022.05.11"]
[WhiteClock "0:00:48"]
[BlackClock "0:01:27"]

1. e4 c6 2. Nc3 d5 3. Nf3 Bg4 4. h3 Bxf3 5. Qxf3 dxe4 6. Nxe4 e6 7. d4 Nd7 8. Bd3 Ngf6 9. O-O Be7 10. c3 O-O 11. Bf4 Re8 12. Rad1 Nxe4 13. Bxe4 Nf8 14. Rfe1 Qb6 15. Qg3 Kh8 16. Be5 f6 17. Bc7 Qxb2 18. Rb1 Qxa2 19. Rxb7 a5 20. Bd6 Ng6 21. Bxg6 Bxd6 22. Qh4 h6 23. Bxe8 Rxe8 24. Qe4 Qc4 25. Qg6 Bf8 26. Qxe8 1-0


[Site "https://www.chess.com"]

[Event "Titled Tuesday Blitz May 10 Early 2022"]
[White "Priyanka, K"]
[Black "Sadykov, Ramil"]
[WhiteFideId "5082986"]
[BlackFideId "24113590"]
[WhiteElo "1905"]
[BlackElo "2280"]
[Result "0-1"]
[Round "08"]
[TimeControl "180+1"]
[Date "2022.05.11"]
[WhiteClock "0:00:01"]
[BlackClock "0:00:34"]

1. e4 e5 2. Nf3 Nf6 3. Nxe5 Nxe4 4. Qe2 Qe7 5. Qxe4 d6 6. d4 dxe5 7. Qxe5 Qxe5+ 8. dxe5 Nc6 9. Bb5 Bf5 10. c3 Bc5 11. O-O O-O-O 12. Bxc6 bxc6 13. Bf4 h6 14. b4 Bb6 15. a4 a6 16. Na3 Rd3 17. Rac1 g5 18. Be3 Rxe3 19. fxe3 Bxe3+ 20. Kh1 Bxc1 21. Rxc1 Re8 22. Re1 f6 23. Nc4 Bd3 24. Na5 Re6 25. Nb3 Rxe5 26. Rxe5 fxe5 27. Nc5 Bc4 28. Kg1 Kd8 29. Kf2 Ke7 30. Ke3 Kf6 31. g3 h5 32. Ke4 Bd5+ 33. Ke3 Kf5 34. Nxa6 Kg4 35. Nxc7 Bc4 36. a5 Kh3 37. a6 Bxa6 38. Nxa6 Kxh2 39. Kf2 h4 40. gxh4 g4 41. Nc5 g3+ 42. Kf3 g2 43. Ne4 g1=Q 44. Nf2 Qg3+ 45. Ke2 Kg2 46. Ne4 Qxh4 0-1


[Site "https://www.chess.com"]

[Event "Titled Tuesday Blitz May 10 Early 2022"]
[White "Przybylski, Wojciech"]
[Black "Hamley, Ryan"]
[WhiteFideId "1117599"]
[BlackFideId "30959497"]
[WhiteElo "2133"]
[BlackElo "2514"]
[Result "1-0"]
[Round "08"]
[TimeControl "180+1"]
[Date "2022.05.11"]
[WhiteClock "0:00:03"]
[BlackClock "0:00:49"]

1. d4 Nf6 2. c4 g6 3. Nc3 Bg7 4. Nf3 d6 5. g3 O-O 6. Bg2 Nc6 7. O-O e5 8. dxe5 dxe5 9. e3 Be6 10. b3 Qe7 11. Ng5 Rad8 12. Qe2 Bg4 13. f3 Bc8 14. Nge4 Nxe4 15. fxe4 h5 16. Nd5 Qd6 17. a4 Ne7 18. Ba3 c5 19. Rad1 b6 20. Nf6+ Qxf6 21. Rxf6 Bxf6 22. a5 Nc6 23. axb6 axb6 24. Rd5 Be6 25. Bb2 Nb4 26. Bxe5 Nxd5 27. exd5 Bxe5 28. dxe6 fxe6 29. Be4 Rf7 30. Bxg6 Rf6 31. Qxh5 Bc3 32. Kg2 Rd2+ 33. Kh3 Rd7 34. Be4 Re7 35. Kg2 Ref7 36. h4 Kf8 37. Qh8+ Ke7 38. Qb8 Rg7 39. Qc7+ Kf8 40. Qd8+ Kf7 41. h5 Be5 42. Bg6+ Rfxg6 43. hxg6+ Rxg6 44. Qxb6 Bxg3 45. Kf3 Be5 46. Qxc5 Kf6 47. Qc8 Rg3+ 48. Ke4 Rg4+ 49. Kd3 Rg1 50. Qh8+ Kf5 51. Qh5+ Kf6 52. Qh8+ Kf5 53. Qf8+ Bf6 54. Qa8 Rd1+ 55. Kc2 Rf1 56. Qg2 Ra1 57. Kd3 Rd1+ 58. Ke2 Ra1 59. Kf3 Ke5 60. b4 Kd6 61. Qd2+ Kc6 62. c5 Be5 63. Qd3 Ra7 64. Qe4+ Kb5 65. Qxe5 Ka6 66. Qxe6+ Kb5 67. Qb6+ 1-0


[Site "https://www.chess.com"]

[Event "Titled Tuesday Blitz May 10 Early 2022"]
[White "Rahman, Adel"]
[Black "Ambartsumova, Karina"]
[WhiteFideId "14204177"]
[BlackFideId "4166299"]
[WhiteElo "2175"]
[BlackElo "2262"]
[Result "0-1"]
[Round "08"]
[TimeControl "180+1"]
[Date "2022.05.11"]
[WhiteClock "0:00:16"]
[BlackClock "0:00:13"]

1. e4 c5 2. Nf3 Nc6 3. d4 cxd4 4. Nxd4 Qb6 5. Nb3 Nf6 6. Nc3 e6 7. Be3 Qc7 8. a3 a6 9. f4 d6 10. Qf3 b5 11. g4 Bb7 12. g5 Nd7 13. O-O-O Be7 14. h4 Nc5 15. Nxc5 dxc5 16. Bg2 b4 17. Nb1 c4 18. axb4 Nxb4 19. Nc3 Qa5 20. Kb1 Bc6 21. Bd4 O-O 22. h5 Rab8 23. g6 h6 24. gxf7+ Rxf7 25. Qg4 Ba4 26. Rd2 Bxc2+ 27. Rxc2 Nxc2 28. Kxc2 Qb4 29. Ne2 Qb3+ 30. Kc1 c3 31. Bxc3 Bb4 32. Be5 Rc8+ 33. Nc3 Bxc3 34. Bxc3 Rxc3+ 35. bxc3 Qxc3+ 36. Kd1 Rd7+ 37. Ke2 Rd2+ 0-1


[Site "https://www.chess.com"]

[Event "Titled Tuesday Blitz May 10 Early 2022"]
[White "Rastbod, Ali"]
[Black "Gharibyan, Mamikon"]
[WhiteFideId "12567477"]
[BlackFideId "13308300"]
[WhiteElo "2147"]
[BlackElo "2254"]
[Result "0-1"]
[Round "08"]
[TimeControl "180+1"]
[Date "2022.05.10"]
[WhiteClock "0:00:02"]
[BlackClock "0:00:03"]

1. c4 e5 2. Nc3 Nf6 3. Nf3 Nc6 4. e3 d5 5. cxd5 Nxd5 6. Bb5 Nxc3 7. bxc3 Bd6 8. d4 Qf6 9. O-O O-O 10. h3 e4 11. Nd2 Qg6 12. Kh1 Bxh3 13. gxh3 Qf5 14. Qg4 Qxb5 15. Rg1 g6 16. Nxe4 f5 17. Nxd6 Qd5+ 18. Qg2 Qxg2+ 19. Kxg2 cxd6 20. Ba3 Rfd8 21. c4 Na5 22. Rgc1 b6 23. Rc3 Rac8 24. Rac1 Rc6 25. Bb4 Nb7 26. a4 Rdc8 27. f3 a5 28. Ba3 d5 29. c5 bxc5 30. dxc5 Nd8 31. Rd3 f4 32. exf4 Ne6 33. Kg3 d4 34. Re1 Ng7 35. Kf2 Nf5 36. Re5 Rb8 37. Re2 Rb1 38. Rc2 Kf7 39. Bb2 Ke6 40. Bxd4 Rb4 41. Be5 Rxa4 42. Rd8 Rb4 43. Re8+ Kd5 44. Ra8 a4 45. Rd2+ Kc4 46. Ra2 Kb3 47. Rb2+ Kc4 48. Rc2+ Kb3 49. Rc3+ Ka2 50. Ra7 Rb2+ 51. Kg1 Rb4 52. Rxh7 a3 53. Ra7 Rb3 54. Rc2+ Kb1 55. Re2 Rxc5 56. Re1+ Rc1 57. Rxc1+ Kxc1 58. Kf2 Kc2 59. Rc7+ Kd3 60. Ra7 Kc2 61. Ke2 Kb1 62. Kd2 a2 63. Ra6 Rb5 64. Bf6 Rb3 65. Ke2 Rb5 66. Bh8 Rb3 67. Kf2 Nh4 68. Rxg6 Nxg6 69. Bd4 Ne7 70. h4 Nf5 71. Be5 Nxh4 0-1


[Site "https://www.chess.com"]

[Event "Titled Tuesday Blitz May 10 Early 2022"]
[White "Redzisz, Michal"]
[Black "Saldano Dayer, Horacio"]
[WhiteFideId "21816107"]
[BlackFideId "103411"]
[WhiteElo "2004"]
[BlackElo "2419"]
[Result "1-0"]
[Round "08"]
[TimeControl "180+1"]
[Date "2022.05.11"]
[WhiteClock "0:00:06"]
[BlackClock "0:00:06"]

1. Nf3 d5 2. b3 Bg4 3. Bb2 Bxf3 4. exf3 e6 5. g3 Nf6 6. Bg2 g6 7. O-O Bg7 8. d3 O-O 9. Nd2 Nbd7 10. b4 Ne8 11. Bxg7 Kxg7 12. c4 c6 13. Qc2 Rc8 14. f4 Kg8 15. Rfd1 Nd6 16. a4 Nf5 17. Nb3 Qf6 18. c5 Nd4 19. Nxd4 Qxd4 20. Rab1 a6 21. Qb2 Qg7 22. Qxg7+ Kxg7 23. d4 Ra8 24. Bf1 h6 25. Ra1 Ra7 26. Kg2 g5 27. Kf3 Nf6 28. Ke3 Rfa8 29. f3 Nh5 30. Bd3 gxf4+ 31. gxf4 Nf6 32. Rg1+ Kh8 33. Rg3 Rg8 34. Rh3 h5 35. Rg3 Raa8 36. Rg5 Rg7 37. Rxg7 Kxg7 38. Rg1+ Kf8 39. Rg5 Rb8 40. f5 Re8 41. fxe6 Rxe6+ 42. Re5 Ke7 43. Bf5 Rxe5+ 44. dxe5 Ne8 45. Kd4 Kd8 46. f4 Ng7 47. Bh3 Kc7 48. f5 b6 49. f6 Ne8 50. cxb6+ Kxb6 51. Bf5 Kc7 52. e6 Nxf6 53. exf7 1-0


[Site "https://www.chess.com"]

[Event "Titled Tuesday Blitz May 10 Early 2022"]
[White "Riehle, Marco"]
[Black "Cunjalo, Faris"]
[WhiteFideId "12904392"]
[BlackFideId "14410710"]
[WhiteElo "2462"]
[BlackElo "2263"]
[Result "1-0"]
[Round "08"]
[TimeControl "180+1"]
[Date "2022.05.10"]
[WhiteClock "0:00:20"]
[BlackClock "0:00:01"]

1. e4 c6 2. c4 d5 3. cxd5 cxd5 4. exd5 Nf6 5. Nc3 g6 6. Bc4 Bg7 7. Nf3 a6 8. a4 O-O 9. O-O Nbd7 10. d3 b6 11. Re1 Bb7 12. Bf4 Re8 13. d6 e6 14. Rc1 Nh5 15. Bg3 Nxg3 16. hxg3 Qb8 17. Ne4 Bxb2 18. Rb1 Bg7 19. Nfg5 h6 20. Nxf7 Kxf7 21. Qg4 Bxe4 22. dxe4 Ne5 23. Qf4+ Kg8 24. Ba2 Qxd6 25. Red1 Qc7 26. Rbc1 Qf7 27. Qe3 b5 28. a5 Nc4 29. Bxc4 bxc4 30. Rxc4 Rac8 31. Rb4 Rc2 32. Rb6 Rf8 33. Rf1 Rd8 34. Rb4 Rdd2 35. e5 Kh7 36. Rf4 Qc7 37. Re4 Qc5 38. Qf4 Qxa5 39. Qf7 Qc7 40. Qxe6 Re2 41. Rg4 Rc6 42. Qd5 Rxe5 43. Qd3 Qf7 44. Rd1 Rf5 45. f3 Re6 46. Kh2 Rh5+ 47. Kg1 Rhe5 48. Kh2 h5 49. Rh4 Rf5 50. g4 Rfe5 51. gxh5 Kg8 52. h6 1-0


[Site "https://www.chess.com"]

[Event "Titled Tuesday Blitz May 10 Early 2022"]
[White "Rodchenkov, Sergey D."]
[Black "Jaracz, Pawel"]
[WhiteFideId "4168712"]
[BlackFideId "1102222"]
[WhiteElo "2306"]
[BlackElo "2429"]
[Result "0-1"]
[Round "08"]
[TimeControl "180+1"]
[Date "2022.05.11"]
[WhiteClock "0:00:06"]
[BlackClock "0:01:37"]

1. e4 e5 2. Nf3 Nc6 3. Bc4 Bc5 4. d3 Nf6 5. O-O d6 6. Nbd2 O-O 7. c3 a6 8. a4 h6 9. h3 Re8 10. b4 Ba7 11. Re1 Be6 12. a5 d5 13. exd5 Bxd5 14. Nf1 Bxc4 15. dxc4 Qxd1 16. Rxd1 e4 17. Ne1 Ne5 18. c5 c6 19. Bf4 Nd5 20. Bxe5 Rxe5 21. Rac1 Rae8 22. Ne3 Nf4 23. Kf1 Bb8 24. Rd7 R5e7 25. Rcd1 Be5 26. c4 Bc3 27. Rxe7 Rxe7 28. Rd8+ Kh7 29. N1c2 Nd3 30. Nf5 Re6 31. Nd6 Nxb4 32. Ne3 Nd3 33. Rd7 Nxc5 34. Rd8 Bxa5 35. Nxf7 Bxd8 36. Nxd8 Re7 37. Nf7 Rxf7 0-1


[Site "https://www.chess.com"]

[Event "Titled Tuesday Blitz May 10 Early 2022"]
[White "Rohith Krishna S"]
[Black "Sokolovsky, Yahli"]
[WhiteFideId "46617051"]
[BlackFideId "2820242"]
[WhiteElo "2117"]
[BlackElo "1770"]
[Result "1-0"]
[Round "08"]
[TimeControl "180+1"]
[Date "2022.05.10"]
[WhiteClock "0:00:47"]
[BlackClock "0:00:06"]

1. Nf3 g6 2. g3 Bg7 3. Bg2 d5 4. O-O c5 5. c4 d4 6. d3 Nc6 7. Na3 e5 8. Nc2 Nge7 9. a3 a5 10. b3 O-O 11. Bd2 f5 12. b4 axb4 13. axb4 Rxa1 14. Qxa1 e4 15. Ng5 h6 16. Nh3 e3 17. fxe3 dxe3 18. Bc3 Nd4 19. Bxd4 cxd4 20. Nf4 g5 21. Nd5 Be6 22. Nxd4 Bxd5 23. cxd5 Qb6 24. d6 Qxd6 25. Qa2+ Kh7 26. Nxf5 Nxf5 27. Be4 Kg6 28. Qa5 Be5 29. g4 Bxh2+ 30. Kh1 Be5 31. Bxf5+ Kg7 32. Qc5 Qxc5 33. bxc5 Bd4 34. Rc1 Rf7 35. Rc4 Bf6 36. Re4 Rc7 37. d4 Re7 38. Rxe7+ Bxe7 39. Bc8 Bf6 40. d5 Bd4 41. d6 Bxc5 42. d7 Be7 43. Bxb7 Bd8 44. Kg2 Kf6 45. Be4 Ke6 46. Bf5+ Ke5 47. Bg6 Bb6 48. Kf3 Kd5 49. Bf7+ Ke5 50. Be8 Kd5 51. Bg6 Ke6 52. Bf5+ Ke5 53. Bc2 Kd6 54. Ba4 Ke5 55. Bb5 Kd5 56. Ba4 Ke5 57. Bc6 Kd6 58. Bb5 Ke5 59. Kg2 Kf4 60. Kh3 Bc7 61. Bd3 Bd8 62. Bf5 Be7 63. Be6 Bf6 64. Kg2 Be7 65. Kf1 Bd8 66. Ke1 Ke5 67. Bf7 Kf4 68. Bh5 Ke5 69. Kd1 Kd6 70. Be8 Bc7 71. Kc2 Bb6 72. Kd3 Ke7 73. Ke4 Kd8 74. Kf5 Bc7 75. Kg6 Bf4 76. Kxh6 Kc7 77. Kg6 Kd8 78. Kf6 Kc7 79. Ke7 Bd6+ 80. Ke6 Bf4 81. Bg6 Kd8 82. Bf5 Kc7 83. Ke7 1-0


[Site "https://www.chess.com"]

[Event "Titled Tuesday Blitz May 10 Early 2022"]
[White "Rustemov, Alexander"]
[Black "Melian, Juan Sebastian"]
[WhiteFideId "4119002"]
[BlackFideId "3706575"]
[WhiteElo "2709"]
[BlackElo "1851"]
[Result "1-0"]
[Round "08"]
[TimeControl "180+1"]
[Date "2022.05.11"]
[WhiteClock "0:01:11"]
[BlackClock "0:00:09"]

1. d4 Nf6 2. c4 e6 3. Nf3 Bb4+ 4. Bd2 a5 5. g3 O-O 6. Bg2 d5 7. Qc2 c5 8. cxd5 cxd4 9. Nxd4 Nxd5 10. O-O Qb6 11. e3 Bd7 12. Nc3 Nf6 13. a3 Be7 14. Qb3 Qxb3 15. Nxb3 Bc6 16. Nd4 Bxg2 17. Kxg2 Nbd7 18. Rfd1 Rfc8 19. Rac1 Ne5 20. Ncb5 Nd3 21. Rxc8+ Rxc8 22. Bc3 Nc5 23. Bxa5 Na4 24. b3 Nc5 25. Bb4 b6 26. Rc1 Ra8 27. Nc6 Bf8 28. Bxc5 Bxc5 29. b4 Bf8 30. Nca7 Rd8 31. Rc8 Rd2 32. Kf3 g5 33. h3 h5 34. Rc4 g4+ 35. hxg4 hxg4+ 36. Kg2 Kg7 37. Nc8 Rd3 38. Nxb6 Kg6 39. a4 e5 40. a5 Rb3 41. a6 Nd7 42. Nxd7 1-0


[Site "https://www.chess.com"]

[Event "Titled Tuesday Blitz May 10 Early 2022"]
[White "Sahil, Tickoo"]
[Black "Msellek, Ilyass"]
[WhiteFideId "5019710"]
[BlackFideId "675938"]
[WhiteElo "2099"]
[BlackElo "2221"]
[Result "0-1"]
[Round "08"]
[TimeControl "180+1"]
[Date "2022.05.11"]
[WhiteClock "0:00:13"]
[BlackClock "0:01:44"]

1. d4 f5 2. Nc3 Nf6 3. Bg5 d5 4. Bxf6 exf6 5. e3 Be6 6. Bd3 Qd7 7. a3 Nc6 8. Qf3 Ne7 9. Nge2 h5 10. h4 Bf7 11. Nf4 c6 12. g3 Nc8 13. Na4 b6 14. Nc3 Nd6 15. Be2 O-O-O 16. a4 a5 17. O-O Ne4 18. Nxe4 fxe4 19. Qh1 g5 20. Ng2 Bd6 21. b3 Rdg8 22. c4 f5 23. hxg5 Rxg5 24. Nh4 f4 25. exf4 Bxf4 26. cxd5 Bxd5 27. Qh2 e3 28. Bf3 exf2+ 29. Kxf2 Bxg3+ 30. Qxg3 Rxg3 31. Kxg3 Rg8+ 32. Kf2 Qh3 33. Bxd5 Qxh4+ 34. Ke2 cxd5 35. Rac1+ Kb8 36. Rc3 Qe4+ 37. Re3 Rg2+ 38. Rf2 Rxf2+ 39. Kxf2 Qxd4 40. Kf3 Qxe3+ 41. Kxe3 Kc7 42. Kd4 Kd6 0-1


[Site "https://www.chess.com"]

[Event "Titled Tuesday Blitz May 10 Early 2022"]
[White "Sailer, Mike"]
[Black "Thomas, Anysia"]
[WhiteFideId "2012901"]
[BlackFideId "670472"]
[WhiteElo "2109"]
[BlackElo "2002"]
[Result "1/2-1/2"]
[Round "08"]
[TimeControl "180+1"]
[Date "2022.05.11"]
[WhiteClock "0:00:36"]
[BlackClock "0:00:10"]

1. d4 Nf6 2. Nf3 g6 3. Bf4 Bg7 4. e3 O-O 5. Be2 d6 6. O-O Nbd7 7. h3 b6 8. c4 d5 9. Nc3 Bb7 10. a4 c5 11. a5 Rc8 12. axb6 axb6 13. Nb5 dxc4 14. Na7 cxd4 15. Nxc8 d3 16. Nxe7+ Qxe7 17. Bxd3 cxd3 18. Qxd3 Bxf3 19. gxf3 Qe6 20. Kg2 Nd5 21. Bg3 Nc5 22. Qb5 h5 23. h4 f5 24. Ra7 f4 25. Bxf4 Nxf4+ 26. exf4 Rxf4 27. Rd1 Rg4+ 28. fxg4 Qxg4+ 29. Kf1 Qxd1+ 30. Kg2 Qd5+ 31. Kg1 Qd1+ 32. Kg2 Qg4+ 33. Kf1 Ne4 34. Qe8+ Kh7 35. Rxg7+ Kxg7 36. Qe7+ Kg8 37. Qe8+ Kg7 38. Qe7+ Kh6 39. Qf8+ Kh7 40. Qf7+ Kh8 41. Qf8+ Kh7 42. Qf7+ Kh6 43. Qf8+ Kh7 1/2-1/2


[Site "https://www.chess.com"]

[Event "Titled Tuesday Blitz May 10 Early 2022"]
[White "Samant Aditya S"]
[Black "Meshkovs, Nikita"]
[WhiteFideId "35080580"]
[BlackFideId "11602740"]
[WhiteElo "1916"]
[BlackElo "2506"]
[Result "0-1"]
[Round "08"]
[TimeControl "180+1"]
[Date "2022.05.10"]
[WhiteClock "0:00:02"]
[BlackClock "0:00:26"]

1. e4 e5 2. Nf3 Nc6 3. d4 exd4 4. Bc4 Nf6 5. O-O d6 6. Nxd4 Be7 7. Nc3 O-O 8. Bb3 Bd7 9. Bf4 Re8 10. Re1 Bf8 11. Qd2 Ne5 12. Rad1 Ng6 13. Bg3 Nh5 14. Nf3 Nxg3 15. hxg3 Be6 16. Bxe6 fxe6 17. Ne2 c6 18. Nf4 Qf6 19. e5 Nxe5 20. Nxe5 dxe5 21. Nd3 Rad8 22. Qe2 Bd6 23. g4 Bc7 24. g3 Rd5 25. Kg2 b5 26. Qe4 Red8 27. b4 Bb6 28. Qf3 Rf8 29. Qxf6 gxf6 30. f3 Rd4 31. Ra1 Rc4 32. Re2 Bd4 33. Rh1 Kg7 34. f4 h6 35. Kf3 Bc3 36. a3 Kg6 37. Rf1 a5 38. bxa5 Bxa5 39. Rh1 Bc7 40. Rb1 Bd6 41. a4 Rxa4 42. Rh1 Rf7 43. Nf2 exf4 44. gxf4 Rxf4+ 45. Kg2 Re7 46. Rg1 Bc5 47. Rge1 Rxf2+ 48. Rxf2 Bxf2 49. Kxf2 Kg5 50. Kf3 e5 51. Ke4 Rd7 52. c3 Rd2 0-1


[Site "https://www.chess.com"]

[Event "Titled Tuesday Blitz May 10 Early 2022"]
[White "Sapunov, Evgeny"]
[Black "Hoffmann, Asa"]
[WhiteFideId "4126661"]
[BlackFideId "2001470"]
[WhiteElo "2470"]
[BlackElo "2117"]
[Result "1-0"]
[Round "08"]
[TimeControl "180+1"]
[Date "2022.05.11"]
[WhiteClock "0:00:56"]
[BlackClock "0:01:02"]

1. c4 Nf6 2. Nf3 d6 3. Nc3 e5 4. d4 Nbd7 5. e4 c6 6. Be2 Be7 7. O-O O-O 8. Qc2 a6 9. Rd1 Qc7 10. Bg5 h6 11. Bh4 Re8 12. Rac1 Bf8 13. a3 b6 14. b4 Bb7 15. d5 c5 16. Nd2 Be7 17. Bg3 Nh7 18. Rb1 Rab8 19. Rb2 Qd8 20. Rdb1 Bh4 21. Bg4 Bxg3 22. hxg3 Nhf6 23. Bh3 Qc7 24. Na4 cxb4 25. axb4 b5 26. cxb5 Qxc2 27. Rxc2 axb5 28. Nc3 Rec8 29. Rbc1 Ba6 30. f3 Rc7 31. Ra2 Bc8 32. Ne2 Rxc1+ 33. Nxc1 Nb6 34. Ne2 Bxh3 35. gxh3 Nc4 36. Nb3 Nd7 37. Nc3 Rb7 38. h4 h5 39. Kf2 g5 40. hxg5 Kg7 41. f4 h4 42. f5 hxg3+ 43. Kxg3 Rb8 44. Ra7 Nf8 45. g6 1-0


[Site "https://www.chess.com"]

[Event "Titled Tuesday Blitz May 10 Early 2022"]
[White "Sharbaf, Mohsen"]
[Black "Bifulco, Michel"]
[WhiteFideId "12501808"]
[BlackFideId "828580"]
[WhiteElo "2187"]
[BlackElo "2165"]
[Result "1-0"]
[Round "08"]
[TimeControl "180+1"]
[Date "2022.05.11"]
[WhiteClock "0:01:55"]
[BlackClock "0:00:55"]

1. c4 Nf6 2. Nf3 g6 3. g3 Bg7 4. Bg2 O-O 5. O-O d6 6. Nc3 e5 7. d3 Nc6 8. Bg5 h6 9. Bxf6 Qxf6 10. Rb1 Qd8 11. b4 f5 12. Nd2 g5 13. b5 Ne7 14. Nd5 Rb8 15. Qa4 Ra8 16. Qa5 Nxd5 17. cxd5 f4 18. Rfc1 b6 19. Qc3 Rf7 20. Rb4 Bg4 21. Bf3 Bxf3 22. exf3 a5 23. Rc4 Ra7 24. Ne4 Kh7 25. g4 Kg6 26. Kg2 h5 27. h3 Bf6 28. Qc2 hxg4 29. hxg4 Kg7 30. Rh1 Qe7 31. Rh5 Ra8 32. Qd1 Rh8 33. Qh1 Qd8 34. Rxh8 Qxh8 35. Qxh8+ Kxh8 36. Nxf6 Rxf6 37. Rxc7 Kg8 38. a4 Kf8 39. Rc6 Ke8 40. Rxb6 Kd7 41. Ra6 Rf8 42. Ra7+ Kd8 43. Rxa5 Rf7 44. Ra8+ Ke7 45. Ra7+ 1-0


[Site "https://www.chess.com"]

[Event "Titled Tuesday Blitz May 10 Early 2022"]
[White "Shimanov, Aleksandr"]
[Black "Fedoseev, Vladimir"]
[WhiteFideId "4198603"]
[BlackFideId "24130737"]
[WhiteElo "2605"]
[BlackElo "2726"]
[Result "0-1"]
[Round "08"]
[TimeControl "180+1"]
[Date "2022.05.10"]
[WhiteClock "0:00:03"]
[BlackClock "0:00:13"]

1. d4 d5 2. Nf3 Bf5 3. c4 e6 4. Nc3 Nc6 5. a3 dxc4 6. e4 Bg4 7. Be3 Bxf3 8. gxf3 Na5 9. Bxc4 Nxc4 10. Qa4+ c6 11. Qxc4 Bd6 12. h4 Ne7 13. h5 b5 14. Qd3 b4 15. axb4 Bxb4 16. Qc4 a5 17. Rg1 Rg8 18. Ke2 Rb8 19. Rad1 Qd7 20. Na4 Qb7 21. Bf4 Qb5 22. b3 Rb7 23. Rg5 f5 24. Rdg1 Kf7 25. Be5 g6 26. hxg6+ Rxg6 27. exf5 Qxc4+ 28. bxc4 Rxg5 29. Rxg5 Nxf5 30. Rg1 Be7 31. Rh1 h6 32. Ra1 Rb4 33. Kd3 Rb3+ 34. Ke4 Rb4 35. Kd3 Nh4 36. f4 Rb3+ 37. Ke4 Nf3 38. Ra2 Bb4 39. f5 Nd2+ 40. Kf4 Nxc4 41. fxe6+ Kxe6 42. Bg7 h5 43. Kg5 Rh3 44. f4 Be7+ 45. Kh6 h4 46. Re2+ Kf7 47. Be5 Ne3 48. Kh5 Rg3 49. f5 Nxf5 50. Rf2 Rg5# 0-1


[Site "https://www.chess.com"]

[Event "Titled Tuesday Blitz May 10 Early 2022"]
[White "Shtyka, Sergey"]
[Black "Petrov, Martin"]
[WhiteFideId "4138465"]
[BlackFideId "2911086"]
[WhiteElo "2014"]
[BlackElo "2343"]
[Result "0-1"]
[Round "08"]
[TimeControl "180+1"]
[Date "2022.05.11"]
[WhiteClock "0:00:01"]
[BlackClock "0:00:12"]

1. e4 c6 2. Nf3 d5 3. Nc3 g6 4. d3 Bg7 5. Bd2 Bg4 6. h3 Bxf3 7. Qxf3 e6 8. g3 Nd7 9. Bg2 Ngf6 10. O-O O-O 11. Qe2 Qb6 12. e5 Ne8 13. Bg5 Qxb2 14. Qd2 Nxe5 15. Be7 Qxc3 16. Qxc3 Nf3+ 17. Bxf3 Bxc3 18. Rab1 b5 19. Bg2 Nc7 20. Bxf8 Kxf8 21. f4 a5 22. g4 Ke7 23. f5 gxf5 24. gxf5 Rg8 25. Kh1 b4 26. fxe6 fxe6 27. Rf3 Nb5 28. Rf4 Nd6 29. Rbf1 Nf5 30. R1f3 Be5 31. Rg4 Rxg4 32. hxg4 Nd4 33. Rh3 Nxc2 34. Rxh7+ Kf6 35. Rh6+ Kf7 36. g5 Bg7 37. Rh3 Nd4 38. Bf3 a4 39. Bh5+ Ke7 40. Rh2 b3 41. axb3 axb3 42. Bd1 c5 43. Rh7 Kf8 44. Rh2 c4 45. dxc4 dxc4 46. Rf2+ Ke7 47. g6 Bf6 48. Rg2 Kf8 49. Rf2 Kg7 50. Bh5 c3 51. Bd1 c2 52. Bxc2 bxc2 53. Kg2 c1=Q 54. Kh2 Be5+ 55. Kg2 Nf5 56. Kh3 Qh6+ 57. Kg2 Qh2+ 58. Kf1 Ng3+ 59. Ke1 Qg1+ 60. Kd2 Qxf2+ 0-1


[Site "https://www.chess.com"]

[Event "Titled Tuesday Blitz May 10 Early 2022"]
[White "Shuvalov, Evgenij"]
[Black "Harshavardhan G B"]
[WhiteFideId "4187237"]
[BlackFideId "25059009"]
[WhiteElo "2053"]
[BlackElo "1831"]
[Result "0-1"]
[Round "08"]
[TimeControl "180+1"]
[Date "2022.05.11"]
[WhiteClock "0:00:01"]
[BlackClock "0:00:17"]

1. Nf3 d5 2. c4 d4 3. b4 f6 4. e3 e5 5. c5 d3 6. Qb3 e4 7. Nd4 Nc6 8. Bb2 Nxd4 9. Bxd4 Ne7 10. Bb2 Nd5 11. Nc3 Nxc3 12. Bxc3 Qe7 13. Qc4 f5 14. g4 Be6 15. Qd4 Rd8 16. Qe5 Rd5 17. Qg3 Rg8 18. gxf5 Bxf5 19. Bg2 g6 20. f3 Bg7 21. Bxg7 Rxg7 22. O-O Qe5 23. fxe4 Bxe4 24. Bxe4 Qxe4 25. Rf4 Qe7 26. Qf3 c6 27. Rf1 Rf5 28. Kh1 Rgf7 29. Qg3 Qd7 30. Rxf5 Rxf5 31. Qb8+ Kf7 32. Rxf5+ gxf5 33. Qf4 Ke6 34. Kg1 Qg7+ 35. Kf1 Qa1+ 36. Kf2 Qxa2 37. Qd6+ Kf7 38. Qxd3 Qe6 39. Qd4 Kg6 40. Qd8 h6 41. Qc7 Qd5 42. d4 Qa2+ 43. Kf3 Qb1 44. Qg3+ Kf6 45. Qe5+ Kf7 46. Qc7+ Ke6 47. Qd6+ Kf7 48. Qc7+ Kf6 49. Qd6+ Kg5 50. Qf4+ Kg6 51. Qd6+ Kh5 52. Qe5 Qf1+ 53. Kg3 Qg1+ 54. Kf3 Qg4+ 55. Kf2 a6 56. Qe8+ Kh4 57. Qe7+ Kh3 58. Qe5 Qg2+ 59. Ke1 Qf3 60. Qf6 h5 0-1


[Site "https://www.chess.com"]

[Event "Titled Tuesday Blitz May 10 Early 2022"]
[White "Shyaamnikhil P"]
[Black "Kamsky, Gata"]
[WhiteFideId "5024218"]
[BlackFideId "2000024"]
[WhiteElo "2329"]
[BlackElo "2645"]
[Result "1/2-1/2"]
[Round "08"]
[TimeControl "180+1"]
[Date "2022.05.10"]
[WhiteClock "0:00:48"]
[BlackClock "0:00:50"]

1. d4 d5 2. Nf3 Nf6 3. c4 c6 4. Qc2 dxc4 5. Qxc4 e6 6. Qc2 c5 7. dxc5 Qa5+ 8. Nc3 Nc6 9. Bd2 Qxc5 10. e3 Be7 11. Rc1 O-O 12. Be2 b6 13. O-O Bb7 14. Rfd1 Rfd8 15. Be1 Rac8 16. Rxd8+ Rxd8 17. Rd1 Rxd1 18. Qxd1 Qd6 19. Qxd6 Bxd6 20. a3 h6 21. g3 g5 22. h3 Ne5 23. Nxe5 Bxe5 24. f4 Bd6 25. Kf2 Ne4+ 26. Nxe4 Bxe4 27. Bf3 Bxf3 28. Kxf3 gxf4 29. exf4 f5 30. g4 a6 31. a4 Kf7 32. b3 Kg6 33. Bf2 b5 34. axb5 axb5 35. gxf5+ Kxf5 36. Be3 h5 37. Bd2 Bc7 38. Be3 Bd6 39. Bd2 Bc7 40. Be3 Bd6 1/2-1/2


[Site "https://www.chess.com"]

[Event "Titled Tuesday Blitz May 10 Early 2022"]
[White "Silvestre, Christian"]
[Black "Quirke, Jeffrey"]
[WhiteFideId "30956269"]
[BlackFideId "2013029"]
[WhiteElo "2363"]
[BlackElo "2149"]
[Result "1-0"]
[Round "08"]
[TimeControl "180+1"]
[Date "2022.05.11"]
[WhiteClock "0:00:26"]
[BlackClock "0:00:01"]

1. d4 d5 2. c4 e6 3. Nc3 h6 4. g3 Nf6 5. Bg2 Bd6 6. Nf3 O-O 7. O-O Nc6 8. b3 Ne4 9. Bb2 Nxc3 10. Bxc3 b6 11. Rc1 Bb7 12. cxd5 exd5 13. Nh4 Ne7 14. Qd3 Qd7 15. Rc2 Rfe8 16. Rfc1 g5 17. Nf3 Qf5 18. Ne5 f6 19. Qxf5 Nxf5 20. Nd3 a5 21. e3 h5 22. a4 Kf7 23. Bb2 Re7 24. h3 h4 25. g4 Ng7 26. Ra1 Rae8 27. Ba3 Bxa3 28. Rxa3 Ne6 29. b4 axb4 30. Nxb4 Rd8 31. a5 bxa5 32. Rxa5 c6 33. Nxc6 Bxc6 34. Rxc6 Ng7 35. Bxd5+ 1-0


[Site "https://www.chess.com"]

[Event "Titled Tuesday Blitz May 10 Early 2022"]
[White "Simonovic, Miroslav"]
[Black "Jaskolka, Tomasz"]
[WhiteFideId "919152"]
[BlackFideId "1170791"]
[WhiteElo "2043"]
[BlackElo "2073"]
[Result "0-1"]
[Round "08"]
[TimeControl "180+1"]
[Date "2022.05.11"]
[WhiteClock "0:01:04"]
[BlackClock "0:01:27"]

1. d4 d6 2. Bg5 c6 3. h4 h6 4. Bf4 Nf6 5. c4 Qc7 6. Nc3 e5 7. dxe5 dxe5 8. Bg3 Be6 9. Nf3 Nbd7 10. e4 Bb4 11. Qc2 O-O-O 12. O-O-O Bxc3 13. bxc3 Qa5 14. Bd3 Ng4 15. Rhe1 f6 16. Kb2 Nb6 17. Qb3 Rxd3 18. Rxd3 Bxc4 19. Qc2 Qxa2+ 20. Kc1 Qa3+ 21. Kd2 Bxd3 22. Kxd3 Rd8+ 23. Ke2 Qa6+ 24. c4 Nxc4 25. Kf1 Nce3+ 0-1


[Site "https://www.chess.com"]